 Dungeon Crawl Stone Soup version 0.28-a0-687-gb91baff9cc (webtiles) character file.

Game seed: 11164429005824300253

1630 acebull12 the Thaumaturge (level 9, -2/61 HPs)
             Began as a Djinni Air Elementalist on Oct 20, 2021.
             Was an Initiate of Makhleb.
             Slain by a wyvern zombie (14 damage)
             ... on level 6 of the Dungeon.
             The game lasted 00:19:57 (7656 turns).

acebull12 the Thaumaturge (Djinni Air Elementalist) Turns: 7656, Time: 00:19:57

Health: -2/61      AC:  2    Str:  7    XL:     9   Next: 18%
Gold:   209        EV: 13    Int: 21    God:    Makhleb [......] SH:  0 Dex: 13

rFire   + + +      SeeInvis .   b - staff of conjuration
rCold   x . .      Faith    .   (no shield)
rNeg    . . .      Spirit   .   a - +0 robe
rPois   ∞          Reflect  .   (no helmet)
rElec   .          Harm     .   (no cloak)
rCorr   .          Rampage  .   (no gloves)
Will    .....                   (boots unavailable)
Stlth   ++........              (no amulet)
HPRegen 0.20/turn               c - ring of fire
MPRegen 0.00/turn               x - ring of protection from cold

@: flying
A: sickness immunity, fire resistance 2, cold vulnerability 1, float, innate
caster, hp casting, extra vitality 1
a: Renounce Religion


You were on level 6 of the Dungeon.
You worshipped Makhleb.
Makhleb was noncommittal.
You visited 1 branch of the dungeon, and saw 6 of its levels.
You also visited: Sewer.

You collected 209 gold pieces.

Inventory:

Missiles
 g - 107 stones
Armour
 a - a +0 robe (worn)
 i - +0 fire dragon scales
Magical Staves
 b - a staff of conjuration (weapon)
Jewellery
 c - a ring of fire (left hand)
 x - a ring of protection from cold (right hand)
Wands
 z - a wand of paralysis (6)
Scrolls
 d - a scroll of summoning
 e - 5 scrolls of teleportation
 l - a scroll of torment
 p - 2 scrolls of enchant armour
 q - 2 scrolls of fog
 u - a scroll of brand weapon {unknown}
 w - a scroll of identify
 y - a scroll of magic mapping {unknown}
Potions
 f - 2 potions of haste {unknown}
 h - a potion of attraction {unknown}
 j - 2 potions of brilliance {unknown}
 k - 3 potions of curing {unknown}
 m - a potion of might {unknown}
 n - a potion of flight {unknown}
 o - 4 potions of heal wounds
 r - a potion of magic {unknown}
 s - a potion of mutation {unknown}
 t - a potion of cancellation {unknown}
 v - a potion of lignification {unknown}


   Skills:
 * Level 3.6 Fighting
 + Level 3.2 Dodging
 - Level 1.6 Stealth
 * Level 8.1 Spellcasting


You had 5 spell levels left.
You knew the following spells:

 Your Spells              Type           Power      Damage    Failure   Level
a - Shock                 Conj/Air       100%       1d9       1%          1
b - Static Discharge      Conj/Air       59%        N/A       1%          2
c - Swiftness             Air            42%        N/A       1%          3
d - Airstrike             Air            21%        N/A       2%          4
e - Foxfire               Conj/Fire      100%       2x1d9     1%          1
f - Poisonous Vapours     Pois/Air       84%        N/A       1%          2
g - Dazzling Flash        Conj/Hex       100%       N/A       1%          3
h - Summon Guardian Gole  Hex/Summ       42%        N/A       1%          3
Your spell library was empty.

Dungeon Overview and Level Annotations

Branches:
Dungeon (6/15)             Temple (0/1) D:6           Sewer (visited)

Altars:
Makhleb

Shops:
D:2 [


Innate Abilities, Weirdness & Mutations

You are immune to sickness and miasma.
You are immune to poison.
Your flesh is very heat resistant. (rF++)
You are vulnerable to cold. (rC-)
You float through the air rather than walking.
You learn spells naturally, not from books.
Your magical power is your life essence.
You have superior vitality. (+4 HP)


Message History

Casting: Shock (safe; 1% risk of failure)
Confirm with . or Enter, or press ? or * to list all spells.
You feel a strong surge of power!
You conjure some foxfire!
* * * LOW HITPOINT WARNING * * *
The wyvern zombie barely misses you.
Maggie mumbles some strange words.
Maggie draws you further into her thrall.
You cannot move away from Maggie!
Casting: Foxfire (safe; 1% risk of failure)
Confirm with . or Enter, or press ? or * to list all spells.
Aiming: Shock (safe; 1% risk of failure)
Press: ? - help, Shift-Dir - straight line, f/p - wyvern zombie
Aim: a wyvern zombie (lightly damaged, ally target, 91% to hit)
You feel a surge of power!
The zap misses the wyvern zombie.
The zap hits Maggie!
You are no longer entranced.
You kill Maggie!
Makhleb accepts your kill.
* * * LOW HITPOINT WARNING * * *
The foxfire hits the wyvern zombie.
The wyvern zombie is moderately damaged.
The foxfire hits the wyvern zombie!
The wyvern zombie is heavily damaged.
The wyvern zombie closely misses you.
Your Spellcasting skill increases to level 8!
You have reached level 9!
Your experience leads to an increase in your attributes!
Increase (S)trength, (I)ntelligence, or (D)exterity?
You feel clever.
The power to cast Summon Guardian Golem wells up from within.
Spell assigned to 'h'.
The wyvern zombie bites you.
* * * LOW HITPOINT WARNING * * *
The wyvern zombie closely misses you.
Casting: Shock (safe; 1% risk of failure)
Confirm with . or Enter, or press ? or * to list all spells.
You feel a strong surge of power!
You conjure some foxfire!
* * * LOW HITPOINT WARNING * * *
The wyvern zombie bites you!
You die...

#.#...#......# #......
#............##.......
......#)..............
)....................
.............#.......
........##...#...# ##
........#........##.#
......vZ...##..#....###
.......@....##.#.).....
........v..###.#.......
...............).......
.......#..##.)......#.#
........####.##.....#
##......#..............
#......#...##.###.....
##.......###..#.#.....
##......####.... ..##


You could see a wyvern zombie (ally target).

Vanquished Creatures
  Maggie (D:6)
  Grinder (D:5)
  Sigmund (D:6)
  A yak (D:5)
  2 sky beasts
  An ogre (D:5)
  A scorpion (D:5)
  A centaur zombie (D:5)
  An orc priest (D:6)
  Jessica (D:2)
  4 iguanas
  2 orc wizards
  A hound skeleton (D:5)
  8 adders
  5 river rats (Sewer)
  A shadow imp (D:6)
  2 ufetubi (D:5)
  An adder skeleton (D:4)
  4 worms
  2 dart slugs
  12 orcs
  3 endoplasms
  6 giant cockroaches
  5 goblins
  8 hobgoblins
  8 jackals (D:1)
  4 quokkas
  8 ball pythons
  4 bats
  11 frilled lizards
  7 kobolds
  11 rats
128 creatures vanquished.

Vanquished Creatures (collateral kills)
  6 foxfires (D:5)
6 creatures vanquished.

Vanquished Creatures (others)
  119 foxfires
  20 plants
139 creatures vanquished.

Grand Total: 273 creatures vanquished

Notes
Turn   | Place    | Note
-------+----------+-------------------------------------------
     0 | D:1      | acebull12 the Djinni Air Elementalist began the quest for
                  | the Orb.
     0 | D:1      | Reached XP level 1. HP: 15/15 MP: 0/0
   423 | D:1      | Reached XP level 2. HP: 18/21 MP: 0/0
   757 | D:1      | Reached skill level 3 in Spellcasting
   840 | D:1      | You are sucked into a shaft and drop 1 floor!
   842 | D:2      | Reached XP level 3. HP: 24/25 MP: 0/0
   842 | D:2      | Learned a level 1 spell: Foxfire
  1960 | D:2      | Reached XP level 4. HP: 29/31 MP: 0/0
  2314 | D:2      | Found a faded altar of an unknown god.
  2314 | D:2      | Noticed Jessica
  2316 | D:2      | Killed Jessica
  2514 | D:2      | Found Teyg's Armour Shop.
  2917 | D:3      | Reached XP level 5. HP: 29/36 MP: 0/0
  2917 | D:3      | Learned a level 2 spell: Poisonous Vapours
  3075 | D:3      | Reached skill level 1 in Fighting
  3278 | D:3      | Reached skill level 4 in Spellcasting
  3972 | D:4      | Found a glowing drain.
  4010 | Sewer    | Entered a sewer
  4628 | Sewer    | Reached XP level 6. HP: 41/42 MP: 0/0
  4923 | D:4      | Found a burning altar of Makhleb.
  4935 | D:4      | Became a worshipper of Makhleb the Destroyer
  5530 | D:4      | Reached skill level 5 in Spellcasting
  5745 | D:5      | Entered Level 5 of the Dungeon
  5850 | D:5      | Noticed an ogre
  5858 | D:5      | Killed an ogre
  5859 | D:5      | Reached XP level 7. HP: 42/49 MP: 0/0
  5859 | D:5      | Learned a level 3 spell: Dazzling Flash
  6466 | D:5      | Reached skill level 6 in Spellcasting
  6662 | D:5      | Noticed Grinder
  6673 | D:5      | Paralysed by Grinder for 3 turns
  6675 | D:5      | Killed Grinder
  6676 | D:5      | Reached XP level 8. HP: 50/55 MP: 0/0
  7258 | D:6      | Noticed Sigmund
  7260 | D:6      | Noticed a yak
  7262 | D:6      | Noticed a yak
  7263 | D:6      | Noticed a yak
  7265 | D:6      | Killed Sigmund
  7266 | D:6      | Reached skill level 7 in Spellcasting
  7275 | D:5      | Killed a yak
  7628 | D:6      | Found a staircase to the Ecumenical Temple.
  7633 | D:6      | Noticed Maggie
  7651 | D:6      | Killed Maggie
  7652 | D:6      | Reached skill level 8 in Spellcasting
  7652 | D:6      | Reached XP level 9. HP: 15/61 MP: 0/0
  7652 | D:6      | Learned a level 3 spell: Summon Guardian Golem
  7656 | D:6      | Slain by a wyvern zombie

Illustrated notes

Levels and vault maps discovered:
D:1:      dpeg_arrival_snail, layout_basic, serial_bayou_crossing
D:2:      layout_basic, serial_shops, nicolae_shop_stone,
          basic_ecumenical_altar, uniq_jessica
D:3:      layout_basic, roderic_serpentine_path, kennysheep_generic_room_10
D:4:      layout_loops_ring, bloody_makhleb, gup_sewer_entry_glass,
          grunt_tough_drop
D:5:      layout_loops_ring, serial_bayou, serial_bayou_pond_e,
          serial_bayou_lagoon_a, serial_bayou_pond_a, serial_bayou_pond_c,
          serial_bayou_lake_a, uniq_grinder
D:6:      layout_cave_pools, zin_angel, minmay_temple_entry_crystal_x,
          minmay_misc_feat_x, minmay_misc_feat_chi, uniq_maggie, uniq_sigmund

Skill      XL: |  1  2  3  4  5  6  7  8 |
---------------+-------------------------+-----
Spellcasting   | 3 4 5 6 8 |  8.1
Fighting       | 1 2 3 |  3.6
Dodging        | 3 |  3.2
Stealth        | |  1.6

Action                   |  1- 3 |  4- 6 |  7- 9 || total
-------------------------+-------+-------+-------++-------
 Cast: Shock             |    61 |   112 |    39 ||   212
       Foxfire           |       |    18 |    53 ||    71
       Static Discharge  |       |     3 |       ||     3
       Airstrike         |       |       |     2 ||     2
  Use: Scroll            |       |     6 |       ||     6
Armor: Robe              |       |     7 |     2 ||     9
Dodge: Dodged            |     6 |    15 |    10 ||    31

Table legend: (Time is in decaauts)
 A = Elapsed time spent in this place.
 B = Non-inter-level travel time spent in this place.
 C = Inter-level travel time spent in this place.
 D = Time resting spent in this place.
 E = Time spent auto-exploring this place.
 F = Levels seen in this place.
 G = Mean time per level.
                   A        B        C        D        E       F      G
               +--------+--------+--------+--------+--------+-----+--------+
         Total |   7659 |   7164 |    495 |    931 |   5487 |   7 | 1094.1 |
       Dungeon |   6785 |   6290 |    495 |    604 |   5006 |   6 | 1130.8 |
         Sewer |    873 |    873 |      0 |    327 |    481 |   1 |  873.0 |
               +--------+--------+--------+--------+--------+-----+--------+

Top non-repeatable levels by time:
     D:5: 1594 daAuts
     D:1: 1571 daAuts
     D:2: 1315 daAuts
     D:4: 1153 daAuts
     D:3: 922 daAuts
   Sewer: 873 daAuts
     D:6: 229 daAuts
